 Dungeon Crawl Stone Soup version bcrawl-1.13.1 (webtiles) character file.

Game seed: 12098540138426009228

58 Revguard the Ducker (level 3, -1/26 HPs)
             Began as a Demonspawn Archaeologist on Aug 3, 2019.
             Killed by divine providence
             ... invoked by an orc priest
              (10 damage)
             ... on level 3 of the Dungeon.
             The game lasted 00:03:21 (1915 turns).

Revguard the Ducker (Demonspawn Archaeologist)      Turns: 1915, Time: 00:03:22

Health: -1/26      AC:  7    Str: 12    XL:     3   Next: 75%
Magic:  0/3        EV: 12    Int: 15    God:
Gold:   165        SH:  0    Dex: 11    Spells: 2/2 levels left

rFire    . . .     SeeInvis .   a - +0 whip
rCold    . . .     Gourm    .   (no shield)
rNeg     . . .     Faith    .   o - +0 leather armour
rPois    .         Spirit   +   c - +1 hat
rElec    .         Reflect  .   j - +0 cloak
rCorr    .         Harm     .   (no gloves)
MR       .....                  d - +1 pair of boots
Stlth    ++........             (no amulet)
HPRegen  0.08/turn              (no ring)
MPRegen  0.08/turn              (no ring)

@: studying Armour
A: antennae 1, magic shield
a: no special abilities


You were on level 3 of the Dungeon.
You were hungry.

You visited 1 branch of the dungeon, and saw 3 of its levels.

You collected 165 gold pieces.

Inventory:

Hand Weapons
 a - a +0 whip (weapon)
Armour
 c - a +1 hat (worn)
 d - a +1 pair of boots (worn)
 j - a +0 cloak (worn)
 o - a +0 leather armour (worn)
Scrolls
 h - a scroll of teleportation
 i - a scroll of immolation
 l - a scroll of identify
 p - a scroll of remove curse
Potions
 b - a potion of cancellation
 k - 2 potions of resistance
Books
 e - a manual of Armour
Miscellaneous
 f - an ancient crate
Comestibles
 g - 7 rations {!d}


   Skills:
 + Level 1.3 Fighting
 + Level 1.8 Maces & Flails
 * Level 1.0 Armour
 + Level 3.2 Dodging
 + Level 3.2 Stealth
 * Level 0.9 Evocations


You had 2 spell levels left.
You didn't know any spells.
Your spell library was empty.

Dungeon Overview and Level Annotations

Branches:
Dungeon (3/12)

Altars:
Trog


Innate Abilities, Weirdness & Mutations

You have a pair of small antennae on your head.
When hurt, damage is shared between your health and your magic reserves.


Message History

Beogh smites you!
* * * LOW HITPOINT WARNING * * *
You hit the orc but do no damage.
The orc is heavily wounded.
You closely miss the orc.
You feel better. The orc hits you but does no damage.
You hit the orc but do no damage. The orc misses you.
You barely miss the orc. The orc hits you with a +0 flail!
* * * LOW HITPOINT WARNING * * *
You feel better. The orc barely misses you.
You barely miss the orc. The orc barely misses you.
The orc hits you but does no damage.
You hit the orc.
The orc is moderately wounded.
You hit the orc priest but do no damage.
The orc priest is moderately wounded.
The orc hits you with a +0 flail.
The orc priest calls down the wrath of Beogh upon you.
Beogh smites you!
You die...

#..# ##. ##.#
.. #.## .#
#..##.#
##.#..# #...#
...####..#
#.......####
_.$####o@.>.#
#o###..#
#o### .#
#...# #
#.#......
#..####...
....# ..
......#
........#


You could see an orc priest and 2 orcs.

Vanquished Creatures
  An ooze (D:2)
  A worm (D:2)
  2 dart slugs (D:1)
  2 leopard geckos (D:1)
  An orc (D:2)
  A ball python (D:1)
  4 giant cockroaches
  4 goblins
  8 hobgoblins
  A jackal (D:2)
  2 quokkas (D:2)
  4 bats
  2 frilled lizards
  5 kobolds
  4 rats
42 creatures vanquished.

Notes
Turn   | Place    | Note
-------+----------+-------------------------------------------
     0 | D:1      | Revguard the Demonspawn Archaeologist began the quest for
                  | the Orb.
     0 | D:1      | Reached XP level 1. HP: 15/15 MP: 1/1
   432 | D:1      | Reached skill level 1 in Maces & Flails
   432 | D:1      | Gained mutation: You have a pair of small antennae on your
                  | head. [demonic ancestry]
   432 | D:1      | Reached XP level 2. HP: 21/21 MP: 2/2
   768 | D:1      | Gained mutation: When hurt, damage is shared between your
                  | health and your magic reserves. [demonic ancestry]
   768 | D:1      | Reached XP level 3. HP: 13/26 MP: 3/3
  1526 | D:2      | Reached skill level 1 in Armour
  1886 | D:3      | Found a bloodstained altar of Trog.
  1915 | D:3      | Killed from afar by an orc priest

Skill      XL: |  1  2  3 |
---------------+----------+-----
Dodging        | 3 |  3.2
Maces & Flails | 1 |  1.8
Armour         | 1 |  1.0
Fighting       | |  1.3
Stealth        | |  3.2
Evocations     | |  0.9

Action                   || total
-------------------------++-------
Melee: Whip              ||   227
  Use: Scroll            ||     6
       Potion            ||     3
 Stab: Sleeping          ||     4
  Eat: Chunk             ||     3
Armor: Robe              ||    61
       Leather armour    ||    35
Dodge: Dodged            ||   186
